 Dungeon Sprint DCSS version 0.29.1-2-gbd0b4ee654 (webtiles) character file.

Game seed: 9517009064697492125

60 Groucho the Ruffian (level 3, -2/33 HPs)
             Began as a Minotaur Transmuter on Nov 16, 2022.
             Was an Initiate of Cheibriados.
             Slain by a troll (7 damage)
             ... in the Dungeon (Sprint IX: "|||||||||||||||||||||||||||||").
             The game lasted 00:03:02 (626 turns).

Groucho the Ruffian (Minotaur Transmuter)            Turns: 626, Time: 00:03:03

Health: -2/33      AC:  7    Str: 17    XL:     3   Next: 82%
Magic:  4/5        EV: 12    Int: 11    God:    Cheibriados [......]
Gold:   0          SH:  0    Dex: 11    Spells: 3/6 levels left

rFire   . . .      SeeInvis .     - Unarmed
rCold   . . .      Faith    .   (no shield)
rNeg    . . .      Spirit   .   a - +0 robe
rPois   .          Reflect  .   (helmet currently unavailable)
rElec   .          Harm     .   k - +0 cloak
rCorr   .          Rampage  .   (no gloves)
Will    .....      NoTele   +   (boots currently unavailable)
Stlth   +.........              (no amulet)
HPRegen 0.11/turn               m - +2 ring of protection
MPRegen 0.09/turn               n - +2 ring of protection

@: appendages (expiring), slowed, very slow
A: talons 2, horns 2, retaliatory headbutt
a: End Transformation, Renounce Religion


You were in the Dungeon.
You worshipped Cheibriados.
Cheibriados was noncommittal.
You had temporarily grown beastly talons.
You visited 1 branch

Inventory:

Armour
 a - a +0 robe (worn)
 k - a +0 cloak (worn)
 l - a +1 chain mail
Jewellery
 m - a +2 ring of protection (left hand)
 n - a +2 ring of protection (right hand)
Wands
 j - a wand of quicksilver (10)
Scrolls
 h - a scroll of blinking
 i - 2 scrolls of amnesia
Potions
 b - a potion of lignification
 c - 5 potions of curing
 d - 2 potions of heal wounds
 e - a potion of haste
 f - 4 potions of magic


   Skills:
 + Level 4.0 Fighting
 + Level 3.7 Armour
 + Level 3.3 Dodging
 * Level 4.9 Unarmed Combat
 + Level 2.1 Spellcasting
 * Level 3.1 Transmutations
 * Level 0.0 Invocations


You had 3 spell levels left.
You knew the following spells:

 Your Spells              Type           Power      Damage    Failure   Level
a - Beastly Appendage     Tmut           16%        N/A       8%          1
b - Wereblood             Tmut           8%         N/A       12%         2

Your spell library contained the following spells:

 Spells                   Type           Power      Damage    Failure   Level
 Spider Form              Tmut/Pois      4%         N/A       41%         3
 Ice Form                 Ice/Tmut       4%         N/A       83%         4


Dungeon Overview and Level Annotations

Branches:
Dungeon (1/1)

Altars:
Cheibriados
Dithmenos
Elyvilon
Fedhas
Gozag
Hepliaklqana
Kikubaaqudgha
Makhleb
Nemelex Xobeh
Okawaru
Qazlal
Ru
Sif Muna
Trog
Uskayaw
Vehumet
Wu Jian
Xom
Yredelemnul
Zin
The Shining One
Jiyva
Lugonu


Innate Abilities, Weirdness & Mutations

You have temporarily grown beastly talons.
You have a pair of horns on your head.
You reflexively headbutt those who attack you in melee.


Message History

The killer bee buzzes angrily.
You hit the troll.
The troll is lightly wounded.
Your transformation is almost over.
The troll barely misses you. The troll claws you. x2
The kobold brigand throws a poisoned dart.
The poisoned dart misses the killer bee.
The poisoned dart hits the troll!
The troll is poisoned.
Unknown command.
You barely miss the troll.
The troll is lightly wounded.
The troll barely misses you. The troll claws you but does no damage.
The troll claws you.
The kobold brigand throws a poisoned dart.
The poisoned dart completely misses the killer bee.
The poisoned dart hits the troll!
The troll looks as sick as possible!
Unknown command.
You hit the troll. You claw the troll.
The troll is moderately wounded.
The troll bites you but does no damage. The troll completely misses you.
The troll closely misses you. x2; The troll completely misses you.
The troll barely misses you.
Unknown command.
Unknown command.
You hit the troll but do no damage. Your kick misses the troll.
Your headbutt misses the troll.
The troll is moderately wounded.
You flicker back into view.
The killer bee buzzes angrily.
The troll bites you but does no damage. The troll claws you.
The troll barely misses you.
Unknown command.
Unknown command.
Unknown command.
You are too injured to fight recklessly!
You feel much better. The troll bites you! The troll claws you!
The troll claws you but does no damage. The troll bites you!
* * * LOW HITPOINT WARNING * * *
The troll claws you!
You die...

▓+▓
▓@▓
▓T▓
▓y▓
▓K▓
▓{▓
▓{▓
▓W▓
▓.▓
▓.▓


You could see a troll (very poisoned), a wraith, a kobold brigand and a killer
bee.

Vanquished Creatures
  An orc priest (D)
  A gnoll (D)
  An adder (D)
  An ufetubus (D)
  A ball python (D)
  An endoplasm (D)
  2 giant cockroaches (D)
  A quokka (D)
  A rat (D)
10 creatures vanquished.

Notes
Turn   | Place    | Note
-------+----------+-------------------------------------------
     0 | D        | Groucho the Minotaur Transmuter began the quest for the
                  | Orb.
     0 | D        | Reached XP level 1. HP: 16/16 MP: 1/1
    13 | D        | Reached skill level 1 in Armour
   426 | D        | Noticed an orc priest
   434 | D        | Killed an orc priest
   435 | D        | Reached XP level 2. HP: 26/26 MP: 3/3
   435 | D        | Reached XP level 3. HP: 31/31 MP: 4/4
   484 | D        | Learned a level 2 spell: Wereblood
   487 | D        | Found a snail-covered altar of Cheibriados.
   487 | D        | Found a shadowy altar of Dithmenos.
   487 | D        | Found a white marble altar of Elyvilon.
   487 | D        | Found a blossoming altar of Fedhas.
   487 | D        | Found an opulent altar of Gozag.
   488 | D        | Found a hazy altar of Hepliaklqana.
   489 | D        | Found a viscous altar of Jiyva.
   490 | D        | Found an ancient bone altar of Kikubaaqudgha.
   491 | D        | Found a corrupted altar of Lugonu.
   492 | D        | Found a burning altar of Makhleb.
   493 | D        | Found a sparkling altar of Nemelex Xobeh.
   494 | D        | Found an iron altar of Okawaru.
   495 | D        | Found a stormy altar of Qazlal.
   496 | D        | Found a sacrificial altar of Ru.
   497 | D        | Found a shimmering blue altar of Sif Muna.
   498 | D        | Found a bloodstained altar of Trog.
   499 | D        | Found a hide-covered altar of Uskayaw.
   500 | D        | Found a radiant altar of Vehumet.
   501 | D        | Found an ornate altar of the Wu Jian Council.
   502 | D        | Found a shimmering altar of Xom.
   503 | D        | Found a basalt altar of Yredelemnul.
   504 | D        | Found a glowing silver altar of Zin.
   505 | D        | Found a glowing golden altar of the Shining One.
   527 | D        | Became a worshipper of Cheibriados the Contemplative
   600 | D        | Noticed a troll
   600 | D        | Noticed a killer bee
   600 | D        | Noticed a kobold brigand
   600 | D        | Noticed a shadow
   600 | D        | Noticed a wraith
   626 | D        | Slain by a troll

Illustrated notes

Levels and vault maps discovered:
D:        linesprint [early_d, line_temple, items_1, d_10, items_2, lair_1,
          lair_end, items_3, orc_1, orc_end, items_4, d_15, swamp_1, shoals_1,
          snake_1, spider_1, d_20, vaults_1, items_5, swamp_end, shoals_end,
          snake_end, spider_end, vaults_end, d_27, items_6, zot_1, zot_end,
          crypt_end, forest_end, elf_end, slime_end, tomb_end, abyss_end,
          pan_hell_end]

Skill      XL: |  1  2  3 |
---------------+----------+-----
Armour         | 3 |  3.7
Fighting       | 3 4 |  4.0
Transmutations | 2 3 |  3.1
Dodging        | 3 |  3.3
Unarmed Combat | 4 |  4.9
Spellcasting   | 2 |  2.1

Action                   || total
-------------------------++-------
Melee: Unarmed           ||    50
       Punch             ||     4
       Headbutt          ||     5
       Kick              ||     9
 Cast: Beastly Appendage ||     3
       Wereblood         ||     1
  Use: Potion            ||     3
       Scroll            ||     1
Armor: Robe              ||    11
Dodge: Dodged            ||    35
